cohdb
Replays
Latest Replays
All Replays
Popular Replays
Top Player Replays
Match Explorer
How It Works
Community
CoH3 Stats
Reddit
Sign in to upload your games and track your stats! →
Sign in with Steam
Match 43396654
Unlisted
Match 43396654
Overview
Messages
Build Orders
End
Kettenkrad Recon Vehicle
Construct Infanterie Kompanie
Selects Terror Battlegroup
MG 42 Machine Gun Team
Selects Machine Gun Camouflage
Grenadier Squad
Grenadier Squad
Construct Panzergrenadier Kompanie
Panzergrenadier Squad
Selects Interrogate
Support Elements
Medical Station
Nebelwerfer 42 Rocket Launcher Team
Construct Luftwaffe Kompanie
Grenadier Squad
Jäger Squad
Selects No Quarter
Construct Panzer Kompanie
Panzer IV Medium Tank
Pioneer Squad
Side Skirts
Selects King Tiger Heavy Tank
Jäger Squad
Panzer IV Medium Tank
mr_ako
Братишка
Olg
rocketpossum
0
0
Comments
sign in to comment!
No comments posted yet!